 Dungeon Crawl Stone Soup version 0.29-a0-8-g0446c0dae4 (webtiles) character file.

Game seed: 5023870096391252541

1 cyrus the Caller (level 1, -1/10 HPs)
             Began as a Tengu Summoner on Jan 27, 2022.
             Slain by a jackal (3 damage)
             ... on level 1 of the Dungeon.
             The game lasted 00:00:32 (51 turns).

cyrus the Caller (Tengu Summoner)                     Turns: 51, Time: 00:00:33

Health: -1/10      AC:  2    Str:  8    XL:     1   Next: 20%
Magic:  1/4        EV: 12    Int: 15    God:
Gold:   0          SH:  0    Dex: 14    Spells: 3/4 levels left

rFire   . . .      SeeInvis .   (no weapon)
rCold   . . .      Faith    .   (no shield)
rNeg    . . .      Spirit   .   a - +0 robe
rPois   .          Reflect  .   (helmet restricted)
rElec   .          Harm     .   (no cloak)
rCorr   .          Rampage  .   (no gloves)
Will    .....                   (boots unavailable)
Stlth   ++........              (no amulet)
HPRegen 0.03/turn               (no ring)
MPRegen 0.09/turn               (no ring)

@: very slightly contaminated
A: beak, talons 3
a: no special abilities


You were on level 1 of the Dungeon.
You visited 1 branch of the dungeon, and saw 1 of its levels.

Inventory:

Armour
 a - a +0 robe (worn)


   Skills:
 + Level 2.1 Dodging
 + Level 2.1 Stealth
 + Level 2.0 Spellcasting
 + Level 4.8 Summonings


You had 3 spell levels left.
You knew the following spells:

 Your Spells              Type           Power      Damage    Failure   Level
a - Summon Small Mammal   Summ           64%        N/A       3%          1

Your spell library contained the following spells:

 Spells                   Type           Power      Damage    Failure   Level
 Call Imp                 Summ           16%        N/A       4%          2
 Call Canine Familiar     Summ           16%        N/A       9%          3
 Summon Guardian Golem    Hex/Summ       8%         N/A       26%         3
 Summon Lightning Spire   Summ/Air       8%         N/A       63%         4


Dungeon Overview and Level Annotations

Branches:
Dungeon (1/15)

Altars:


Innate Abilities, Weirdness & Mutations

You have a beak for a mouth.
You have claws for feet.


Message History

The jackal bites you.
You swap places.
The jackal closely misses your quokka.
Your quokka bites the jackal.
The jackal bites your quokka but does no damage.
Your quokka barely misses the jackal.
The jackal barely misses your quokka.
Your quokka bites the jackal but does no damage.
The jackal closely misses your quokka.
Casting: Summon Small Mammal (safe; 3% risk of failure)
Confirm with . or Enter, or press ? or * to list all spells.
Your quokka bites the jackal.
The jackal closely misses your quokka.
Your quokka barely misses the jackal.
Your rat bites the jackal but does no damage.
The jackal bites your rat.
Your rat dies!
Your rat's corpse disappears in a puff of smoke!
Your quokka bites the jackal.
The jackal dies!
Casting: Summon Small Mammal (safe; 3% risk of failure)
Confirm with . or Enter, or press ? or * to list all spells.
You don't know that spell.
Casting: Summon Small Mammal (safe; 3% risk of failure)
Confirm with . or Enter, or press ? or * to list all spells.
You miscast Summon Small Mammal.
You are very lightly contaminated with residual magic.
Nothing appears to happen.
The jackal bites your quokka. The jackal barely misses your quokka.
Your quokka closely misses the jackal.
Your quokka barely misses the jackal.
The jackal misses your quokka. The jackal closely misses your quokka.
Your quokka barely misses the jackal.
You swap places.
A jackal and a giant cockroach come into view.
The jackal bites you.
* * * LOW HITPOINT WARNING * * *
The giant cockroach moves out of view.
The jackal barely misses you.
You closely miss the jackal. You claw the jackal.
The jackal is almost dead.
Your quokka completely misses the jackal.
The jackal bites you.
You die...

###+##......#.
#.##.####.# #....#
# #####.# #.....#
#.##### #.# ####
#####.########>....
#.........r@h.#
#.###.#####h### #.#
#[# #.# #.# #.# #.#
..# #.# #.. B.. ...
#.# #..


You could see 2 jackals, a giant cockroach and a friendly quokka (summoned).

Vanquished Creatures (collateral kills)
  A jackal (D:1)
1 creature vanquished.

Notes
Turn   | Place    | Note
-------+----------+-------------------------------------------
     0 | D:1      | cyrus the Tengu Summoner began the quest for the Orb.
     0 | D:1      | Reached XP level 1. HP: 10/10 MP: 4/4
    51 | D:1      | Slain by a jackal

Illustrated notes

Levels and vault maps discovered:
D:1:      tarquinn_simple_flora_water_f, layout_basic, minmay_misc_feat_plants,
          minmay_crystal_room, kennysheep_minor_cross, minmay_pentomino_x4

Action                   || total
-------------------------++-------
Melee: Unarmed           ||     4
       Kick              ||     1
 Cast: Summon Small Mamm ||     4
Armor: Robe              ||     1
Dodge: Dodged            ||     4

Table legend: (Time is in decaauts)
 A = Elapsed time spent in this place.
 B = Non-inter-level travel time spent in this place.
 C = Inter-level travel time spent in this place.
 D = Time resting spent in this place.
 E = Time spent auto-exploring this place.
 F = Levels seen in this place.
 G = Mean time per level.
                   A        B        C        D        E       F      G
               +--------+--------+--------+--------+--------+-----+--------+
         Total |     51 |     51 |      0 |      0 |     24 |   1 |   51.0 |
       Dungeon |     51 |     51 |      0 |      0 |     24 |   1 |   51.0 |
               +--------+--------+--------+--------+--------+-----+--------+

Top non-repeatable levels by time:
     D:1: 51 daAuts
